 Dungeon Crawl Stone Soup version 0.27-a0-92-g39ad13b146 (webtiles) character file.

Game seed: 7358276267058334536

8859 dickylongcocking the Transmogrifier (level 11, -1/70 HPs)
             Began as a Spriggan Venom Mage on Jan 16, 2021.
             Was an Elder of Vehumet.
             Slain by a two-headed ogre
             ... wielding a +0 giant club
              (10 damage)
             ... on level 10 of the Dungeon.
             The game lasted 00:16:25 (12441 turns).

dickylongcocking the Transmogrifier (SpVM)         Turns: 12441, Time: 00:16:26

Health: -1/70      AC: 25    Str:  4    XL:     11   Next: 15%
Magic:  13/27      EV:  4    Int: 21    God:    Vehumet [****..]
Gold:   455        SH:  0    Dex: 16    Spells: 8/32 levels left

rFire    . . .     SeeInvis +   l - +5 hunting sling (freeze)
rCold    . . .     Faith    .   (shield restricted)
rNeg     + + +     Spirit   .   (armour currently unavailable)
rPois    +         Reflect  .   (helmet currently unavailable)
rElec    .         Harm     .   (cloak currently unavailable)
rCorr    .         Rampage  .   (gloves unavailable)
Will     ++...     NoTele   +   (boots unavailable)
Stlth    ++........             v - amulet of regeneration
HPRegen  0.61/turn              G - ring of willpower
MPRegen  0.20/turn              H - +4 ring of evasion

@: mighty, tree-form
A: very small, unfitting armour, see invisible
a: Renounce Religion


You were on level 10 of the Dungeon.
You worshipped Vehumet.
Vehumet was greatly pleased with you.
You were a tree.
You visited 1 branch of the dungeon, and saw 10 of its levels.

You collected 573 gold pieces.
You spent 118 gold pieces at shops.

Inventory:

Hand Weapons
 c - a +0 short sword
 g - a +0 quarterstaff
 l - a +5 hunting sling of freezing (weapon)
Missiles
 o - 51 sling bullets (quivered ammo)
Armour
 a - a +1 robe
 J - a +2 robe of willpower
 O - a +0 cloak (melded)
Jewellery
 v - an amulet of regeneration (around neck)
 G - a ring of willpower (left branch)
 H - a +4 ring of evasion (right branch)
Wands
 r - a wand of digging (5)
 s - a wand of paralysis (9)
 E - a wand of polymorph (14)
 K - a wand of flame (36)
 N - a wand of enslavement (5)
Scrolls
 b - a scroll of random uselessness
 d - 5 scrolls of fear
 e - 5 scrolls of enchant armour
 i - 3 scrolls of immolation
 j - 6 scrolls of teleportation
 k - 5 scrolls of enchant weapon
 p - 2 scrolls of magic mapping
 q - 4 scrolls of fog
 u - a scroll of silence
 y - 3 scrolls of identify
 D - 3 scrolls of remove curse
 I - a scroll of torment
 L - a scroll of blinking
Potions
 h - 4 potions of attraction {unknown}
 m - 4 potions of flight
 n - 4 potions of curing {unknown}
 t - 2 potions of might
 w - 4 potions of heal wounds {unknown}
 x - a potion of magic {unknown}
 z - 2 potions of resistance {unknown}
 A - 2 potions of brilliance {unknown}
 B - 2 potions of berserk rage
 C - a potion of mutation {unknown}
 F - a potion of haste {unknown}


   Skills:
 - Level 0.4 Slings
 - Level 3.0 Dodging
 - Level 3.0 Stealth
 * Level 11.0 Spellcasting
 * Level 3.1 Conjurations
 - Level 11.5 Transmutations
 * Level 5.2 Air Magic
 * Level 9.9 Poison Magic


You had 8 spell levels left.
You knew the following spells:

 Your Spells              Type           Power        Failure   Level
a - Sting                 Tmut/Pois      100%         1%          1
b - Shock                 Conj/Air       100%         1%          1
c - Static Discharge      Conj/Air       29%          1%          3
d - Olgreb's Toxic Radia  Pois           52%          1%          4
e - Inner Flame           Hex/Fire       11%          4%          3
f - Airstrike             Air            16%          1%          4
i - Ignite Poison         Fire/Tmut/Pois 41%          1%          3
p - Poisonous Vapours     Pois/Air       86%          1%          2
x - Mephitic Cloud        Conj/Pois/Air  37%          1%          3

Your spell library contained the following spells:

 Spells                   Type           Power        Failure   Level
 Swiftness                Air            33%          1%          2
 Dazzling Flash           Conj/Hex       36%          2%          3
 Animate Skeleton         Necr           22%          6%          1
 Corona                   Hex            12%          6%          1
 Pain                     Necr           44%          6%          1
 Summon Small Mammal      Summ           44%          6%          1
 Lightning Bolt           Conj/Air       14%          8%          5
 Call Imp                 Summ           11%          9%          2
 Ensorcelled Hibernation  Hex/Ice        22%          9%          2
 Slow                     Hex            11%          9%          2
 Call Canine Familiar     Summ           11%          17%         3
 Confusing Touch          Hex            11%          17%         3
 Summon Guardian Golem    Hex/Summ       11%          17%         3
 Tukima's Dance           Hex            11%          17%         3
 Vampiric Draining        Necr           5%           17%         3
 Summon Lightning Spire   Summ/Air       22%          21%         4
 Animate Dead             Necr           5%           50%         4
 Summon Ice Beast         Ice/Summ       11%          50%         4
 Agony                    Necr           11%          85%         5


Dungeon Overview and Level Annotations

Branches:
Dungeon (10/15)            Temple (0/1) D:6
   Lair: D:8-11         Orc: D:9-12

Altars:
Cheibriados
Dithmenos
Elyvilon
Fedhas
Makhleb
Okawaru
Qazlal
Ru
Sif Muna
Trog
Uskayaw
Vehumet
Wu Jian
The Shining One

Shops:
D:8 [:[}

Annotations:
D:10 exclusion: orange crystal statue


Innate Abilities, Weirdness & Mutations

You are very small and have problems with some larger weapons.
You are too small for most types of armour.
You have supernaturally acute eyesight. (SInv)
((You cover ground extremely quickly.))


Message History

The two-headed ogre easily resists.
The boulder beetle stops rolling and uncurls.
Unknown command.
Unknown command.
Unknown command.
Evoke which item? (* to show all) (? for menu, Esc to quit)
Aiming: Enslavement
Press: ? - help, Shift-Dir - straight line, f/p - two-headed ogre
Aim: a two-headed ogre, wielding a +0 giant club and a -3 giant spiked club (heavily wounded, covered in acid, chance to affect: 28%)
The two-headed ogre easily resists.
The two-headed ogre hits you with a +0 giant club!
* * * LOW HITPOINT WARNING * * *
The two-headed ogre barely misses you.
Unknown command.
Unknown command.
It was a potion of might.
You feel very mighty all of a sudden.
The boulder beetle looks more healthy.
The two-headed ogre hits you with a +0 giant club!
You die...

...# #°# #.#
#.#.#.#.#.#.#.#.#. ...#
#.#
#.###.###.###.###.#.#
...# #.#
#.#.#.#.#.#.#.#.#.#.
..##
#[###.###.###.###.#.#.#
..##
#.#.#.#.#.#.#.#.#.#.#.
...# #[###.#
#.###.#.#.### ...#
#.#B#.#.#.#.#.#.#.#.#.
[..# #.###O###.#
#.#.#.###.# ...# #)#
#.#♣#.#.#.#.#.#.#.#)
.).# #.# #.###.#
#.#.#.# #.### ...# #O#
#.# #.#.#.#.#.# #.#.#.
...# #.# #.# .# #.#.#.#
#.# #.# ..># .# #.#
#.#.# #.# #†# ...# #.#
#.# #.# #.# ...# .#
#.#.# #.# ...# #.# #.#
...# #.#


You could see a boulder beetle (corroded) and a two-headed ogre (corroded).

Vanquished Creatures
  Josephine (D:10)
  An ogre mage (D:10)
  An unseen horror (D:10)
  Maurice (D:9)
  A kobold demonologist (D:8)
  3 wraiths (D:10)
  Sigmund (D:2)
  3 yaks (D:9)
  2 steam dragons (D:8)
  3 water moccasins (D:9)
  6 orc warriors
  A sky beast (D:3)
  A necrophage (D:10)
  7 ogres
  3 centaurs
  A big kobold (D:8)
  Blork the orc (D:6)
  3 bullfrogs
  A wyvern skeleton (D:8)
  A water moccasin zombie (D:9)
  3 scorpions
  6 killer bees (D:8)
  5 wights (D:10)
  4 howler monkeys
  3 quasits
  5 hounds
  A bullfrog zombie (D:7)
  A centaur zombie (D:8)
  3 jellies
  A centaur skeleton (D:10)
  A gnoll shaman (D:5)
  7 orc priests
  2 iguanas
  17 orc wizards
  5 worker ants
  2 killer bee zombies
  2 hound zombies
  A hound skeleton (D:4)
  Robin (D:2)
  13 gnolls
  A howler monkey skeleton (D:3)
  12 adders
  A shadow imp (D:7)
  A white imp (D:7)
  5 ufetubi
  2 oozes
  An adder zombie (D:5)
  2 worms
  7 dart slugs
  6 leopard geckos
  49 orcs
  4 bats
  6 giant cockroaches
  14 goblins
  8 hobgoblins
  11 jackals
  14 kobolds
  9 quokkas
  A ball python (D:1)
  6 frilled lizards
  A quokka skeleton (D:5)
  9 rats
295 creatures vanquished.

Vanquished Creatures (others)
  A plant (D:8)
1 creature vanquished.

Grand Total: 296 creatures vanquished

Notes
Turn   | Place    | Note
-------+----------+-------------------------------------------
     0 | D:1      | dickylongcocking the Spriggan Venom Mage began the quest
                  | for the Orb.
     0 | D:1      | Reached XP level 1. HP: 9/9 MP: 5/5
   174 | D:1      | Reached XP level 2. HP: 13/13 MP: 2/6
   892 | D:1      | Reached XP level 3. HP: 16/16 MP: 1/8
  1278 | D:2      | Noticed Robin
  1734 | D:1      | Learned a level 3 spell: Ignite Poison
  1783 | D:1      | Reached XP level 4. HP: 14/21 MP: 4/10
  2084 | D:2      | Killed Robin
  2271 | D:2      | Found a stormy altar of Qazlal.
  2277 | D:2      | Noticed Sigmund
  2283 | D:2      | Killed Sigmund
  2284 | D:2      | Reached skill level 5 in Spellcasting
  2284 | D:2      | Reached XP level 5. HP: 24/24 MP: 5/13
  2498 | D:2      | Reached XP level 6. HP: 28/28 MP: 12/14
  2747 | D:2      | Found a glowing golden altar of the Shining One.
  2955 | D:3      | Learned a level 4 spell: Olgreb's Toxic Radiance
  3766 | D:3      | Reached XP level 7. HP: 32/32 MP: 17/17
  4317 | D:4      | Found a snail-covered altar of Cheibriados.
  4739 | D:4      | Found a sacrificial altar of Ru.
  4860 | D:5      | Entered Level 5 of the Dungeon
  4872 | D:5      | Found a radiant altar of Vehumet.
  4881 | D:5      | Became a worshipper of Vehumet
  5116 | D:5      | Reached XP level 8. HP: 36/36 MP: 8/20
  5227 | D:5      | Reached skill level 5 in Poison Magic
  5805 | D:5      | Found a burning altar of Makhleb.
  6248 | D:6      | Reached * piety under Vehumet
  6248 | D:6      | Offered knowledge of Shock by Vehumet.
  6614 | D:6      | Found a hide-covered altar of Uskayaw.
  6665 | D:6      | Found a shimmering blue altar of Sif Muna.
  6675 | D:6      | Identified Sif Muna's Papyrus of Execration
  6682 | D:6      | Learned a level 1 spell: Shock
  6683 | D:6      | Found a bloodstained altar of Trog.
  6793 | D:6      | Found a staircase to the Ecumenical Temple.
  6844 | D:6      | Noticed Blork the orc
  6848 | D:6      | Killed Blork the orc
  6849 | D:6      | Reached XP level 9. HP: 39/39 MP: 10/22
  7032 | D:6      | Reached skill level 1 in Air Magic
  7039 | D:6      | Reached skill level 10 in Transmutations
  7249 | D:6      | Learned a level 2 spell: Poisonous Vapours
  7578 | D:7      | Found an iron altar of Okawaru.
  7580 | D:7      | Reached ** piety under Vehumet
  7622 | D:7      | Offered knowledge of Freeze by Vehumet.
  7789 | D:7      | Learned a level 3 spell: Mephitic Cloud
  8138 | D:7      | Found a shadowy altar of Dithmenos.
  8193 | D:7      | Found a white marble altar of Elyvilon.
  8194 | D:7      | Found a sand-covered staircase.
  8435 | D:8      | Found Xuamn's Book Shop.
  8440 | D:8      | Offered knowledge of Conjure Flame by Vehumet.
  8762 | D:8      | Reached *** piety under Vehumet
  8775 | D:8      | Found Toeq's Gadget Shop.
  9058 | D:8      | Found Wepp's Antique Armour Boutique.
  9068 | D:8      | Found a blossoming altar of Fedhas.
  9076 | D:8      | Bought a glowing robe for 118 gold pieces
  9343 | D:8      | Found Sarrexta's Armour Shoppe.
  9517 | D:8      | Noticed a kobold demonologist
  9520 | D:8      | Offered knowledge of Static Discharge by Vehumet.
  9523 | D:8      | Killed a kobold demonologist
  9524 | D:8      | Reached skill level 10 in Spellcasting
  9524 | D:8      | Reached XP level 10. HP: 36/44 MP: 12/25
  9906 | D:9      | Found an ornate altar of the Wu Jian Council.
  9943 | D:9      | Noticed Maurice
  9949 | D:9      | Killed Maurice
 10510 | D:9      | Learned a level 3 spell: Static Discharge
 10942 | D:10     | Entered Level 10 of the Dungeon
 10950 | D:10     | Reached **** piety under Vehumet
 10954 | D:10     | Offered knowledge of Inner Flame by Vehumet.
 10975 | D:10     | Learned a level 3 spell: Inner Flame
 10980 | D:10     | Learned a level 4 spell: Airstrike
 11093 | D:10     | Noticed an orange crystal statue
 11297 | D:10     | Reached skill level 1 in Conjurations
 11372 | D:10     | Noticed Josephine
 11577 | D:10     | Killed Josephine
 12359 | D:10     | Noticed an unseen horror
 12364 | D:10     | Killed an unseen horror
 12365 | D:10     | Reached XP level 11. HP: 30/47 MP: 17/26
 12425 | D:10     | Noticed an ogre mage
 12427 | D:10     | Noticed a two-headed ogre
 12427 | D:10     | Noticed a boulder beetle
 12434 | D:10     | Killed an ogre mage
 12435 | D:10     | Reached skill level 5 in Air Magic
 12441 | D:10     | Slain by a two-headed ogre

Illustrated notes

Levels and vault maps discovered:
D:1:      saegor_arrival_simple_e, layout_loops_corners
D:2:      layout_rooms, nicolae_qazlal_general_emergency,
          nicolae_tso_swordbearing_angel, uniq_sigmund, uniq_robin
D:3:      mumra_celtic_spiral_tile, layout_basic, minmay_misc_feat_five
D:4:      layout_basic, kennysheep_slug_shrine, nicolae_ru_the_path_less_chosen,
          minmay_bisected
D:5:      layout_rooms, makhleb_heckhound_becter, vehumet_crystals
D:6:      layout_rooms, eat_drink_and_be_merry_uskayaw,
          nzn_overflow_gifts_of_might_and_magic, minmay_temple_entry_grid,
          minmay_hedge_maze, serial_bayou_pond_a, uniq_blork_the_orc
D:7:      layout_rooms, elyvilon_altar_5,
          nicolae_dithmenos_through_a_glass_darkly, marbit_many_paths,
          lightli_ossuary_entry_decrepit_ruins
D:8:      layout_cave_pools, fedhas_altar_1, serial_shops, shop, shop_statue,
          nicolae_shop_behind_doors,
          nicolae_shop_temple_entry_statues_fountains, kennysheep_generic_room_2
D:9:      layout_irregular_city, nzn_wu_jian_contemplation, uniq_maurice
D:10:     minmay_imperfect_grid, layout_cross, serial_shops,
          nicolae_shop_crystal, minivault_23, minmay_statue_bubble,
          uniq_josephine

Skill      XL: |  1  2  3  4  5  6  7  8  9 10 11 |
---------------+----------------------------------+-----
Transmutations | 2 3 4 6 7 8 9 11 | 11.5
Spellcasting   | 3 5 6 7 8 10 11 | 11.0
Poison Magic   | 4 6 8 9 |  9.9
Air Magic      | 3 4 5 |  5.2
Conjurations   | 2 3 |  3.1
Slings         | |  0.4
Dodging        | |  3.0
Stealth        | |  3.0

Action                   |  1- 3 |  4- 6 |  7- 9 | 10-12 || total
-------------------------+-------+-------+-------+-------++-------
Melee: Short sword       |     8 |     4 |     3 |       ||    15
       Unarmed           |     1 |       |       |       ||     1
       Hunting sling     |       |     2 |       |       ||     2
       Quarterstaff      |       |       |    39 |       ||    39
 Fire: Hunting sling     |       |    37 |    74 |     3 ||   114
 Cast: Sting             |    70 |    34 |    36 |     9 ||   149
       Ignite Poison     |     1 |    11 |    65 |    30 ||   107
       Olgreb's Toxic Ra |       |     4 |    58 |    24 ||    86
       Poisonous Vapours |       |       |     4 |     2 ||     6
       Mephitic Cloud    |       |       |     3 |     8 ||    11
       Airstrike         |       |       |       |    28 ||    28
       Shock             |       |       |       |     9 ||     9
Evoke: Wand              |       |       |     2 |     8 ||    10
  Use: Scroll            |       |       |    10 |     5 ||    15
       Potion            |       |       |       |     2 ||     2
 Stab: Sleeping          |     6 |       |     2 |       ||     8
       Paralysed         |       |       |     3 |       ||     3
Armor: Robe              |     5 |     3 |    14 |       ||    22
       Skin              |       |       |       |     3 ||     3
Dodge: Dodged            |    38 |    33 |   111 |    46 ||   228

Table legend: (Time is in decaauts)
 A = Elapsed time spent in this place.
 B = Non-inter-level travel time spent in this place.
 C = Inter-level travel time spent in this place.
 D = Time resting spent in this place.
 E = Time spent auto-exploring this place.
 F = Levels seen in this place.
 G = Mean time per level.
                   A        B        C        D        E       F      G
               +--------+--------+--------+--------+--------+-----+--------+
         Total |  10087 |   9915 |    172 |   1486 |   7069 |  10 | 1008.7 |
       Dungeon |  10087 |   9915 |    172 |   1486 |   7069 |  10 | 1008.7 |
               +--------+--------+--------+--------+--------+-----+--------+

Top non-repeatable levels by time:
     D:1: 1424 daAuts
     D:6: 1205 daAuts
    D:10: 1183 daAuts
     D:9: 1121 daAuts
     D:3: 1065 daAuts
     D:5: 975 daAuts
     D:8: 941 daAuts
     D:2: 829 daAuts
     D:7: 807 daAuts
     D:4: 533 daAuts
